 Dungeon Sprint DCSS version 0.19.4-9-g45fd643 (webtiles) character file.

14336 equalderp2856 the Eviscerator (level 11, -20/54 HPs)
             Began as a Felid Fighter on Feb 21, 2017.
             Was an Initiate of Gozag.
             Killed from afar by an orb of fire (28 damage)
             ... with a fireball
             ... in the Dungeon (Sprint VII: "The Pits").
             The game lasted 00:40:11 (6928 turns).

equalderp2856 the Eviscerator (Felid Fighter)       Turns: 6928, Time: 00:40:12

Health: -20/54     AC:  2    Str: 20    XL:     11   Next: 87%
Magic:  12/16      EV: 32    Int: 11    God:    Gozag
Gold:   3422       SH:  0    Dex: 17    Spells: 4 memorised, 22 levels left
                                        Lives:  0   Deaths: 3

rFire  + . .     SeeInvis +       - Unarmed
rCold  + . .     Gourm    .     (armour unavailable)
rNeg   . . .     Faith    .     (shield unavailable)
rPois  .         Spirit   .     (helmet unavailable)
rElec  +         Reflect  .     (cloak unavailable)
rCorr  .         Harm     .     (gloves unavailable)
MR     ++...     Rnd*Rage +     (boots unavailable)
Stlth  ++++++++.. NoTele   +    Z - amulet of Lagulih {+Blink +Rage Str+7}
                                V - ring of Ikhlil {rElec rF+ rC+ SInv Stlth+}
                                J - ring of Lamp {MR+ MP-9 Slay+2 SInv Stlth+}

@: gold aura, very slightly contaminated, studying Ice Magic, bribing [the
Dungeon], quick
A: no armour, no weapons or thrown items, stealth, claws 1, fangs 3, see
invisible, berserk 1, carnivore 3, speed 1, shaggy fur 2, slow metabolism 1,
sharp paws
a: Potion Petition, Call Merchant, Bribe Branch, Renounce Religion, Evoke Blink,
Evoke Berserk Rage


You were in the Dungeon.
You worshipped Gozag.
Gozag was most pleased with you.
You were very hungry.

You visited 1 branch You collected 15422 gold pieces.
You paid 12000 gold pieces to Gozag.

Inventory:

Jewellery
 m - a +3 ring of strength
 n - the ring "Kudd" {*Contam Str+3 Int+6}
   (You found it in the Dungeon)

   [ring of strength]

   It affects your strength (+3).
   It affects your intelligence (+6).
   It causes magical contamination when unequipped.
 p - the amulet of Benevolence {rPois Regen+ Slay+5}
   (You found it in the Dungeon)

   [amulet of regeneration]

   It affects your accuracy and damage with ranged weapons and melee attacks
   (+5).
   It protects you from poison.
   It increases your rate of regeneration.
 y - a +2 ring of evasion
 z - an uncursed ring of protection from cold
 G - the ring "Bujaw" {rPois MP+9 Int+4 Dex+6}
   (You found it in the Dungeon)

   [ring of dexterity]

   It affects your intelligence (+4).
   It affects your dexterity (+6).
   It protects you from poison.
   It affects your magic capacity (+9).
 J - the ring of Lamp (left paw) {MR+ MP-9 Slay+2 SInv Stlth+}
   (You found it in the Dungeon)

   [ring of see invisible]

   It affects your accuracy and damage with ranged weapons and melee attacks
   (+2).
   It affects your resistance to hostile enchantments.
   It affects your magic capacity (-9).
   It lets you see invisible.
   It makes you more stealthy.
 L - the ring of Toodergh {+Fly MR+ Stlth+}
   (You found it in the Dungeon)

   [ring of stealth]

   It affects your resistance to hostile enchantments.
   It lets you fly.
   It makes you more stealthy.
 P - a +4 ring of dexterity
 Q - the ring of Moodiness {+Fly Dex-5 Slay+5 SInv}
   (You found it in the Dungeon)

   [ring of slaying]

   It affects your dexterity (-5).
   It affects your accuracy and damage with ranged weapons and melee attacks
   (+5).
   It lets you see invisible.
   It lets you fly.
 R - the amulet "Xeapumyl" {Spirit rC+ Int+3}
   (You found it in the Dungeon)

   [amulet of guardian spirit]

   It causes incoming damage to be split between your health and magic.
   It affects your intelligence (+3).
   It protects you from cold.
 T - the amulet "Qepnenirr" {+Blink rElec rF- Regen+ Stlth+}
   (You found it in the Dungeon)

   [amulet of regeneration]

   It makes you vulnerable to fire.
   It insulates you from electricity.
   It lets you blink.
   It increases your rate of regeneration.
   It makes you more stealthy.
 V - the ring of Ikhlil (right paw) {rElec rF+ rC+ SInv Stlth+}
   (You found it in the Dungeon)

   [ring of protection from fire]

   It protects you from fire.
   It protects you from cold.
   It insulates you from electricity.
   It lets you see invisible.
   It makes you more stealthy.
 W - the ring "Boloepre" {rF+ Stlth+}
   (You found it in the Dungeon)

   [ring of protection from fire]

   It protects you from fire.
   It makes you more stealthy.
 Z - the amulet of Lagulih (around neck) {+Blink +Rage Str+7}
   (You found it in the Dungeon)

   [amulet of rage]

   It affects your strength (+7).
   It lets you blink.
   It lets you go berserk.
Wands
 x - a wand of teleportation (7/9)
 C - a wand of paralysis (15/24)
 K - a wand of hasting (5/9)
 M - a wand of heal wounds (5/9)
 N - a wand of flame (31/48)
Scrolls
 h - 2 scrolls of blinking
 j - 4 scrolls of remove curse
 k - 6 scrolls of amnesia
 l - a scroll of summoning
 q - 3 scrolls of fog
 s - a scroll of recharging
 u - a scroll of fear
Potions
 a - 2 potions of might
 c - 8 potions of curing
 d - 11 potions of heal wounds
 e - 2 potions of haste
 f - 4 potions of magic
 g - 5 potions of berserk rage
 i - 2 potions of invisibility
 o - 2 potions of brilliance
 r - 6 potions of resistance
 t - 5 potions of cure mutation
 w - a potion of cancellation
Books
 v - a manual of Ice Magic
 A - a book of Fire

   Spells                             Type                      Level
   a - Ignite Poison                  Fire/Transmutation/Poison    3
   b - Fireball                       Conjuration/Fire             5
   c - Bolt of Fire                   Conjuration/Fire             6
   d - Delayed Fireball               Conjuration/Fire             7
   e - Ring of Flames                 Charms/Fire                  7
 B - a book of Frost

   Spells                             Type                      Level
   a - Freeze                         Ice                          1
   b - Throw Frost                    Conjuration/Ice              2
   c - Ozocubu's Armour               Charms/Ice                   3
   d - Throw Icicle                   Conjuration/Ice              4
   e - Summon Ice Beast               Ice/Summoning                4
 D - a book of Debilitation

   Spells                             Type                      Level
   a - Corona                         Hexes                        1
   b - Slow                           Hexes                        2
   c - Gell's Gravitas                Hexes/Translocation          3
   d - Inner Flame                    Hexes/Fire                   3
   e - Cause Fear                     Hexes                        4
   f - Leda's Liquefaction            Hexes/Earth                  4
 E - a book of Callings

   Spells                             Type                      Level
   a - Summon Small Mammal            Summoning                    1
   b - Call Imp                       Summoning                    2
   c - Call Canine Familiar           Summoning                    3
   d - Summon Guardian Golem          Hexes/Summoning              3
   e - Summon Lightning Spire         Summoning/Air                4
   f - Summon Ice Beast               Ice/Summoning                4
 F - the Incunabulum of Dusty Unholy Rites
   (You found it in the Dungeon)

   Spells                             Type                      Level
   a - Sandblast                      Earth                        1
   b - Control Undead                 Necromancy                   4
   c - Petrify                        Transmutation/Earth          4
   d - Excruciating Wounds            Charms/Necromancy            5
 H - the Disquisition on Virous Evil Rites
   (You found it in the Dungeon)

   Spells                             Type                      Level
   a - Sting                          Conjuration/Poison           1
   b - Vampiric Draining              Necromancy                   3
   c - Excruciating Wounds            Charms/Necromancy            5
   d - Venom Bolt                     Conjuration/Poison           5
   e - Death Channel                  Necromancy                   6
 I - a book of Maledictions

   Spells                             Type                      Level
   a - Corona                         Hexes                        1
   b - Ensorcelled Hibernation        Hexes/Ice                    2
   c - Confuse                        Hexes                        3
   d - Tukima's Dance                 Hexes                        3
   e - Dazzling Spray                 Conjuration/Hexes            3
 O - a book of Cantrips

   Spells                             Type                      Level
   a - Confusing Touch                Hexes                        1
   b - Animate Skeleton               Necromancy                   1
   c - Summon Small Mammal            Summoning                    1
   d - Apportation                    Translocation                1
 S - the Guide on Damaging Contamination
   (You found it in the Dungeon)

   Spells                             Type                      Level
   a - Magic Dart                     Conjuration                  1
   b - Sting                          Conjuration/Poison           1
   c - Bolt of Draining               Conjuration/Necromancy       5
   d - Freezing Cloud                 Conjuration/Ice/Air          6
   e - Delayed Fireball               Conjuration/Fire             7
 U - a book of Summonings

   Spells                             Type                      Level
   a - Recall                         Summoning/Translocation      3
   b - Aura of Abjuration             Summoning                    5
   c - Summon Demon                   Summoning                    5
   d - Summon Forest                  Summoning/Translocation      5
   e - Summon Mana Viper              Hexes/Summoning              5
   f - Shadow Creatures               Summoning                    6
 X - Sif Muna's Guide on the Vitriolic Entourage
   (You found it in the Dungeon)

   Spells                             Type                      Level
   a - Ignite Poison                  Fire/Transmutation/Poison    3
   b - Spider Form                    Transmutation/Poison         3
   c - Summon Hydra                   Summoning                    7
   d - Malign Gateway                 Summoning/Translocation      7
 Y - the Almanac of the Voyage
   (You found it in the Dungeon)

   Spells                             Type                      Level
   a - Apportation                    Translocation                1
   b - Shroud of Golubria             Charms/Translocation         2
   c - Blink                          Translocation                2
   d - Lesser Beckoning               Translocation                3
   e - Passage of Golubria            Translocation                4
   f - Malign Gateway                 Summoning/Translocation      7
Comestibles
 b - 10 meat rations


   Skills:
 + Level 9.6 Fighting
 + Level 17.0 Dodging
 + Level 14.3 Stealth
 + Level 23.3 Unarmed Combat
 * Level 9.9 Spellcasting
 * Level 0.3 Ice Magic


You had 22 spell levels left.
You knew the following spells:

 Your Spells              Type           Power        Failure   Level  Hunger
a - Confusing Touch       Hex            #.....       17%         1    None
b - Blink                 Tloc           N/A          24%         2    None
c - Ensorcelled Hibernat  Hex/Ice        #.....       21%         2    None
d - Throw Frost           Conj/Ice       #.....       21%         2    None


Dungeon Overview and Level Annotations

Branches:
Dungeon (1/1)

Altars:
Ashenzari
Cheibriados
Dithmenos
Elyvilon
Fedhas
Gozag
Hepliaklqana
Kikubaaqudgha
Makhleb
Nemelex Xobeh
Okawaru
Qazlal
Ru
Sif Muna
Trog
Uskayaw
Vehumet
Xom
Yredelemnul
Zin
The Shining One
Beogh
Jiyva
Lugonu


Innate Abilities, Weirdness & Mutations

You cannot wear armour.
You are incapable of wielding weapons or throwing items.
Your paws allow you to move quietly. (Stealth)
You have sharp claws.
You have razor-sharp teeth.
You have supernaturally acute eyesight. (SInv)
You are carnivorous and can eat meat at any time.
You cover ground quickly.
You are covered in thick fur. (AC +2)
You have a slow metabolism.
Your sharp claws are effective at attacking unaware monsters.
You tend to lose your temper in combat.


Message History

Confirm with . or Enter, or press ? or * to list all spells.
Aiming: Throw Frost
Press: ? - help, Shift-Dir - straight line, f/p - orb of fire
Aim: an orb of fire (heavily damaged)
The puff of frost misses the orb of fire.
The orb of fire glows yellow.
The fireball explodes!
The fireball engulfs you! You resist.
Ouch! That really hurt!
* * * LOW HITPOINT WARNING * * *
The fireball engulfs the green draconian.
Casting: Throw Frost
Confirm with . or Enter, or press ? or * to list all spells.
You miscast Blink.
You are very lightly contaminated with residual magic.
You catch a glimpse of the back of your own head.
The orb of fire glows yellow.
The fireball explodes!
The fireball engulfs you! You resist.
Ouch! That really hurt!
You die...
Your body crumbles into a pile of gold.

..........###....##'#
.)))[.........#####.#
)).)..........'<<##'#
)()......###'##<<##)#
))..)p...#....#<<##*#
(((......#....#<<##*#
###################)#
###################*#
.(.).)).........@.*.#
.....d.....)..).d...#
##')##############..#
.....).#[['...'[[#..#
.......#[[#...#[[#..#
##..#######...####..#
.......#.N.......#..#
...))..).......).#..#
.).))..#.......).#..#


You could see an orb of fire, a neutral green draconian and a friendly orb of
fire.

Vanquished Creatures
  A green draconian (D)
  3 naga warriors (D)
  A deep elf death mage (D)
  Josephine (D)
  A vault guard (D)
  A death knight (D)
  A merfolk avatar (D)
  2 alligators (D)
  An unseen horror (D)
  A sea snake (D)
  A flayed ghost (D)
  A lindwurm (D)
  3 orc knights (D)
  An orc sorcerer (D)
  A guardian serpent (D)
  2 rime drakes (D)
  A freezing wraith (D)
  2 ice devils (D)
  A guardian mummy (D)
  A hellwing (D)
  A wandering mushroom (D)
  A tyrant leech (D)
  8 blink frogs (D)
  A bog body (D)
  2 air elementals (D)
  A redback (D)
  5 wraiths (D)
  2 fire bats (D)
  2 basilisks (D)
  4 vampire mosquitoes (D)
  A warg (D)
  Menkaure (D)
  A soldier ant (D)
  2 water moccasins (D)
  A necrophage (D)
  2 orc warriors (D)
  2 wolves (D)
  A bullfrog (D)
  A gnoll sergeant (D)
  6 killer bees (D)
  5 wights (D)
  2 crimson imps (D)
  A quasit (D)
  A small abomination (D)
  An iguana (D)
  A worker ant (D)
  3 gnolls (D)
  An adder (D)
  3 river rats (D)
  A white imp (D)
  2 adder simulacra (D)
  2 leopard geckos (D)
  A ball python (D)
  3 bats (D)
  A bat skeleton (D)
  A giant cockroach (D)
  3 jackals (D)
  A bat simulacrum (D)
105 creatures vanquished.

Vanquished Creatures (collateral kills)
  2 deep elf blademasters (D)
  A titan (D)
  A nagaraja (D)
  A frost giant (D)
  An orc warlord (D)
  A cacodemon (D)
  2 black draconians (D)
  A blizzard demon (D)
  A mummy priest (D)
  A fire dragon (D)
  A death ooze (D)
  A spriggan air mage (D)
  A death knight (D)
  3 hell hogs (D)
  An ogre mage (D)
  A shock serpent (shapeshifter) (D)
  A yaktaur (D)
  An orc knight (D)
  A deep elf mage (D)
  An efreet (D)
  A two-headed ogre (D)
  2 orc warriors (D)
  An eye of draining (D)
  2 orcs (D)
30 creatures vanquished.

Vanquished Creatures (others)
  A greater mummy (D)
  A curse toe (D)
  2 Killer Klowns (D)
  A golden dragon (D)
  A Brimstone Fiend (D)
  A lich (D)
  A deep elf blademaster (D)
  Polyphemus (D)
  A sphinx (D)
  An Executioner (D)
  Ilsuiw (D)
  2 draconian monks (D)
  A storm dragon (D)
  A draconian knight (D)
  A frost giant (D)
  3 deep elf sorcerers (D)
  An angel (D)
  2 orc warlords (D)
  A draconian annihilator (D)
  A draconian caller (D)
  2 green draconians (D)
  3 black draconians (D)
  2 deep elf annihilators (D)
  A red draconian (D)
  2 mottled draconians (D)
  An ettin (D)
  A merfolk javelineer (D)
  A merfolk impaler (D)
  A fire dragon (D)
  A deep elf high priest (D)
  A naga warrior (D)
  A spriggan air mage (D)
  An ice dragon (D)
  A spriggan berserker (D)
  4 vault guards (D)
  3 ogre magi (D)
  A dancing weapon (D)
  2 death yaks (D)
  A vampire mage (D)
  An iron troll (D)
  A spriggan druid (D)
  An unseen horror (D)
  5 orc knights (D)
  2 sirens (D)
  A hellion (D)
  A yaktaur (D)
  A komodo dragon (D)
  A tormentor (D)
  An ice devil (D)
  A merfolk (D)
  A two-headed ogre (D)
  A tyrant leech (D)
  A hippogriff (D)
  A dream sheep (shapeshifter) (D)
  A redback (shapeshifter) (D)
  A wraith (D)
  A ynoxinul (D)
  A vampire (D)
  A golden eye (D)
  A basilisk (D)
  3 wargs (D)
  3 vampire mosquitoes (D)
  A swamp drake (D)
  A black bear (D)
  5 orc warriors (D)
  4 ogres (D)
  2 orc wizards (D)
  3 gnolls (D)
  A river rat (D)
  An ooze (D)
  An adder simulacrum (D)
  5 orcs (D)
  A bat simulacrum (D)
112 creatures vanquished.

Grand Total: 247 creatures vanquished

Notes
Turn   | Place    | Note
-------+----------+-------------------------------------------
     0 | D        | equalderp2856 the Felid Fighter began the quest for the Orb.
     0 | D        | Reached XP level 1. HP: 10/10 MP: 2/2
   220 | D        | Reached skill level 5 in Unarmed Combat
   220 | D        | Reached XP level 2. HP: 11/14 MP: 3/3
   232 | D        | Reached skill level 5 in Dodging
   239 | D        | Reached skill level 6 in Unarmed Combat
   239 | D        | Reached XP level 3. HP: 15/18 MP: 4/4
   311 | D        | Reached skill level 7 in Unarmed Combat
   604 | D        | Found a radiant altar of Vehumet.
   604 | D        | Found a hide-covered altar of Uskayaw.
   604 | D        | Found an ancient bone altar of Kikubaaqudgha.
   604 | D        | Found a viscous altar of Jiyva.
   604 | D        | Found a hazy altar of Hepliaklqana.
   605 | D        | Found a bloodstained altar of Trog.
   605 | D        | Found a deep blue altar of Sif Muna.
   605 | D        | Found a sacrificial altar of Ru.
   605 | D        | Found a stormy altar of Qazlal.
   605 | D        | Found an iron altar of Okawaru.
   605 | D        | Found a sparkling altar of Nemelex Xobeh.
   605 | D        | Found an opulent altar of Gozag.
   605 | D        | Found a blossoming altar of Fedhas.
   605 | D        | Found a white marble altar of Elyvilon.
   605 | D        | Found a shadowy altar of Dithmenos.
   605 | D        | Found a snail-covered altar of Cheibriados.
   606 | D        | Found a glowing golden altar of the Shining One.
   606 | D        | Found a glowing silver altar of Zin.
   608 | D        | Found a roughly hewn altar of Beogh.
   608 | D        | Found a burning altar of Makhleb.
   608 | D        | Found a basalt altar of Yredelemnul.
   609 | D        | Found a shattered altar of Ashenzari.
   609 | D        | Found a corrupted altar of Lugonu.
   609 | D        | Found a shimmering altar of Xom.
   611 | D        | Became a worshipper of Gozag Ym Sagoz the Greedy
   675 | D        | Noticed a wolf
   675 | D        | Noticed a fire bat
   690 | D        | Reached XP level 4. HP: 18/22 MP: 5/5
   691 | D        | Reached skill level 8 in Unarmed Combat
   699 | D        | Killed a wolf
   699 | D        | Reached skill level 5 in Fighting
   699 | D        | Reached skill level 1 in Stealth
   699 | D        | Reached skill level 9 in Unarmed Combat
   699 | D        | Reached XP level 5. HP: 13/26 MP: 6/6
   717 | D        | Reached skill level 10 in Unarmed Combat
   723 | D        | Gained mutation: You are covered in thick fur. (AC +2) [Felid growth]
   723 | D        | Reached XP level 6. HP: 22/31 MP: 7/7
   727 | D        | Reached skill level 11 in Unarmed Combat
   733 | D        | Killed a fire bat
   733 | D        | Reached skill level 12 in Unarmed Combat
   733 | D        | Reached XP level 7. HP: 26/35 MP: 8/8
   742 | D        | Reached skill level 10 in Dodging
   898 | D        | Noticed a fire bat
   900 | D        | Killed a fire bat
   900 | D        | Reached skill level 13 in Unarmed Combat
   958 | D        | Noticed a flayed ghost
   958 | D        | Noticed a wandering mushroom
   995 | D        | Killed a flayed ghost
   995 | D        | Reached skill level 14 in Unarmed Combat
   995 | D        | Reached XP level 8. HP: 7/40 MP: 9/9
  1273 | D        | Reached skill level 15 in Unarmed Combat
  1285 | D        | Killed a wandering mushroom
  1386 | D        | Noticed a blink frog
  1386 | D        | Noticed a blink frog
  1386 | D        | Noticed a blink frog
  1386 | D        | Noticed Josephine
  1387 | D        | Noticed a blink frog
  1402 | D        | Killed a blink frog
  1402 | D        | Reached skill level 5 in Stealth
  1412 | D        | Killed a blink frog
  1412 | D        | Reached skill level 16 in Unarmed Combat
  1412 | D        | Reached XP level 9. HP: 35/43 MP: 10/10
  1423 | D        | Killed from afar by Josephine
  1424 | D        | Reached XP level 8. HP: -3/40 MP: 9/9
  1428 | D        | Killed Josephine
  1428 | D        | Reached skill level 17 in Unarmed Combat
  1437 | D        | Reached XP level 9. HP: 26/43 MP: 10/10
  1554 | D        | Reached skill level 18 in Unarmed Combat
  1649 | D        | Noticed a rime drake
  1659 | D        | Noticed a lindwurm
  1659 | D        | Noticed a hellwing
  1673 | D        | Killed from afar by a rime drake
  1674 | D        | Reached XP level 8. HP: -2/40 MP: 9/9
  1697 | D        | Killed a hellwing
  1773 | D        | Killed a lindwurm
  1773 | D        | Reached XP level 9. HP: 38/44 MP: 10/10
  1793 | D        | Killed a rime drake
  1863 | D        | Noticed a freezing wraith
  1881 | D        | Killed a freezing wraith
  1890 | D        | Noticed an unseen horror
  1900 | D        | Killed an unseen horror
  1900 | D        | Reached skill level 19 in Unarmed Combat
  1951 | D        | Noticed a sea snake
  1999 | D        | Killed a sea snake
  2060 | D        | Reached XP level 10. HP: 49/49 MP: 11/11
  2082 | D        | Noticed Menkaure
  2101 | D        | Killed Menkaure
  2105 | D        | Reached skill level 15 in Dodging
  2157 | D        | Noticed a merfolk avatar
  2174 | D        | Reached skill level 20 in Unarmed Combat
  2335 | D        | Reached skill level 10 in Stealth
  2407 | D        | Killed a merfolk avatar
  2455 | D        | Noticed Ilsuiw
  2455 | D        | Noticed a merfolk javelineer
  2455 | D        | Noticed a siren
  2456 | D        | Noticed a merfolk impaler
  2491 | D        | Killed a siren
  2502 | D        | Killed Ilsuiw
  2522 | D        | Killed a merfolk impaler
  2917 | D        | Noticed a vampire mage
  2926 | D        | Reached skill level 21 in Unarmed Combat
  2935 | D        | Reached XP level 11. HP: 41/53 MP: 12/12
  3263 | D        | Noticed an alligator
  3264 | D        | Noticed an alligator
  3266 | D        | Noticed a deep elf death mage
  3266 | D        | Noticed an orc knight
  3266 | D        | Noticed an orc knight
  3266 | D        | Noticed an orc knight
  3266 | D        | Noticed an orc knight
  3266 | D        | Noticed an orc knight
  3267 | D        | Noticed an orc knight
  3270 | D        | Killed an orc knight
  3274 | D        | Killed an orc warlord
  3274 | D        | Killed an orc knight
  3352 | D        | Killed an alligator
  3388 | D        | Killed an orc knight
  3415 | D        | Noticed an orc warlord
  3650 | D        | Killed a merfolk javelineer
  3704 | D        | Killed an orc knight
  3706 | D        | Noticed an orc knight
  3706 | D        | Noticed an orc knight
  3750 | D        | Killed an orc knight
  3816 | D        | Killed an alligator
  3846 | D        | Killed a deep elf death mage
  3846 | D        | Reached skill level 22 in Unarmed Combat
  3895 | D        | Noticed an orc knight
  4056 | D        | Noticed a deep elf blademaster
  4059 | D        | Noticed a naga warrior
  4060 | D        | Noticed a vault guard
  4060 | D        | Killed an orc knight
  4061 | D        | Noticed a deep elf mage
  4061 | D        | Noticed a death ooze
  4062 | D        | Noticed a deep elf knight
  4070 | D        | Killed a death ooze
  4137 | D        | Killed an orc knight
  4166 | D        | Killed a naga warrior
  4242 | D        | Killed a vault guard
  4249 | D        | Noticed a naga warrior
  4255 | D        | Killed a naga warrior
  4370 | D        | Noticed a vault guard
  4374 | D        | Noticed a naga warrior
  4374 | D        | Noticed a naga warrior
  4375 | D        | Noticed a death knight
  4375 | D        | Noticed a death knight
  4376 | D        | Noticed a vault guard
  4382 | D        | Killed a naga warrior
  4504 | D        | Noticed a hell hog
  4504 | D        | Noticed a hell hog
  4504 | D        | Noticed a hell hog
  4506 | D        | Noticed an unseen horror
  4509 | D        | Killed a hell hog
  4511 | D        | Killed an unseen horror
  4512 | D        | Killed a hell hog
  4513 | D        | Killed from afar by a hell hog
  4513 | D        | Killed a hell hog
  4514 | D        | Reached XP level 10. HP: 1/49 MP: 11/11
  4713 | D        | Noticed a deep elf annihilator
  4715 | D        | Noticed a vampire mage
  4715 | D        | Noticed a mottled draconian
  4718 | D        | Noticed a nagaraja
  4719 | D        | Noticed a green draconian
  4720 | D        | Noticed a mottled draconian scorcher
  4720 | D        | Noticed a green draconian
  4721 | D        | Noticed a deep elf annihilator
  4722 | D        | Noticed a deep elf high priest
  4723 | D        | Noticed a deep elf sorcerer
  4724 | D        | Noticed an ogre mage
  4725 | D        | Noticed an ogre mage
  4725 | D        | Noticed a black draconian
  4725 | D        | Noticed a black draconian
  4727 | D        | Killed an ogre mage
  4729 | D        | Noticed a red draconian annihilator
  4732 | D        | Killed a deep elf sorcerer
  4732 | D        | Killed a deep elf annihilator
  4733 | D        | Killed a vampire mage
  4736 | D        | Killed a mottled draconian
  4738 | D        | Noticed a lich
  4738 | D        | Noticed an iron troll
  4739 | D        | Noticed a lindwurm
  4739 | D        | Noticed an ice dragon
  4740 | D        | Noticed a lorocyproca
  4740 | D        | Noticed a deep elf high priest
  4740 | D        | Killed a lich
  4741 | D        | Noticed a lindwurm
  4742 | D        | Killed a black draconian caller
  4746 | D        | Killed an ice dragon
  4748 | D        | Noticed a spriggan berserker
  4750 | D        | Noticed a green draconian
  4753 | D        | Killed an ogre mage
  4845 | D        | Got the ring of the Queen {rElec rF+ MR- EV+6 Dex+7}
  4847 | D        | Got the ring "Hetem" {rElec rF++ Int+6 Dex+2}
  4849 | D        | Got the ring of Xom's Benevolence {rF+ SInv}
  4851 | D        | Got the ring "Motefoam" {rElec rN+}
  4853 | D        | Got the ring of Tilun {MR+ Str+2}
  4920 | D        | Noticed a Brimstone Fiend
  4982 | D        | Got the ring "Beijofal" {rElec rPois Str+3 Int-3}
  4984 | D        | Got the ring "Bujaw" {rPois MP+9 Int+4 Dex+6}
  4986 | D        | Got the ring of Discretion {+Inv Str+2 Int+6}
  4988 | D        | Got the ring of the Lich-sworn {rElec rPois rC+ Int+2 SInv}
  4990 | D        | Got the ring of Lamp {MR+ MP-9 Slay+2 SInv Stlth+}
  4992 | D        | Got the ring "Kaos" {Dex+4 SInv}
  4994 | D        | Got the ring "Lybutub" {*Slow rElec AC+6 Str+8 Int+4}
  4996 | D        | Got the ring "Usurch" {*Slow rElec rPois Str+8 Int-2}
  5047 | D        | Got the amulet "Dezau" {Faith rF+ Int+3 Dex-4}
  5049 | D        | Got the amulet "Fadwugg" {Regen+ Dex+3}
  5051 | D        | Got the ring of Moodiness {+Fly Dex-5 Slay+5 SInv}
  5053 | D        | Got the amulet "Xeapumyl" {Spirit rC+ Int+3}
  5055 | D        | Got the amulet of the Will of the Gods {Gourm rN+ MR+ MP+9 Dex+4}
  5057 | D        | Got the amulet "Qepnenirr" {+Blink rElec rF- Regen+ Stlth+}
  5059 | D        | Got the amulet "Josiubb" {Spirit rN+}
  5061 | D        | Got the ring of Ikhlil {rElec rF+ rC+ SInv Stlth+}
  5063 | D        | Got the amulet of Nyett {RegenMP rPois Dex+4}
  5065 | D        | Got the amulet "Wijih" {Gourm Slay+3 SInv}
  5067 | D        | Got the amulet "Ves Nuif" {Spirit Dex+2}
  5071 | D        | Got the amulet of Lagulih {+Blink +Rage Str+7}
  5099 | D        | Got the amulet of Benevolence {rPois Regen+ Slay+5}
  5168 | D        | Identified the Guide on Damaging Contamination (You found it in the Dungeon)
  5173 | D        | Identified Sif Muna's Guide on the Vitriolic Entourage (You found it in the Dungeon)
  5178 | D        | Identified the Almanac of the Voyage (You found it in the Dungeon)
  5226 | D        | Identified the Incunabulum of Dusty Unholy Rites (You found it in the Dungeon)
  5231 | D        | Identified the Disquisition on Virous Evil Rites (You found it in the Dungeon)
  5280 | D        | Learned a level 1 spell: Confusing Touch
  5283 | D        | Learned a level 2 spell: Blink
  5286 | D        | Learned a level 2 spell: Ensorcelled Hibernation
  5289 | D        | Learned a level 2 spell: Throw Frost
  5396 | D        | Noticed Polyphemus
  5396 | D        | Noticed a titan
  5396 | D        | Noticed a spriggan air mage
  5396 | D        | Noticed a blizzard demon
  5402 | D        | Killed a spriggan air mage
  5405 | D        | Killed a blizzard demon
  5405 | D        | Reached XP level 11. HP: 46/53 MP: 12/12
  5406 | D        | Killed a titan
  5406 | D        | Reached skill level 23 in Unarmed Combat
  5406 | D        | Your ally died
  5412 | D        | Killed a yaktaur
  5418 | D        | Killed a black draconian
  5425 | D        | Got the ring of Nefygeel {rC+ Int+2}
  5446 | D        | Killed a naga warrior
  5522 | D        | Noticed a shock serpent
  5523 | D        | Noticed a spriggan air mage
  5523 | D        | Noticed an orc sorcerer
  5530 | D        | Killed a shock serpent
  5564 | D        | Killed a death knight
  5571 | D        | Killed a vault guard
  5674 | D        | Killed a green draconian
  5765 | D        | Noticed a sphinx
  5782 | D        | Killed a spriggan air mage
  5788 | D        | Killed an orc sorcerer
  5798 | D        | Reached skill level 5 in Spellcasting
  5802 | D        | Noticed a Killer Klown
  5808 | D        | Noticed an Executioner
  5810 | D        | Noticed a fire dragon
  5811 | D        | Killed a frost giant
  5813 | D        | Killed a fire dragon
  5814 | D        | Noticed an orc warlord
  5818 | D        | Noticed a jiangshi
  5824 | D        | Killed an ogre mage
  5837 | D        | Killed a Killer Klown
  5905 | D        | Killed a deep elf mage
  5908 | D        | Killed an orc warlord
  6004 | D        | Noticed a frost giant
  6016 | D        | Noticed a mottled draconian
  6019 | D        | Noticed a green draconian
  6020 | D        | Noticed an orc warlord
  6021 | D        | Noticed a cacodemon
  6023 | D        | Noticed a short sword of electrocution
  6024 | D        | Noticed an angel
  6027 | D        | Killed a green draconian
  6029 | D        | Noticed a yellow draconian knight
  6029 | D        | Killed a short sword of electrocution
  6032 | D        | Killed a cacodemon
  6033 | D        | Noticed a white draconian monk
  6035 | D        | Killed an angel
  6042 | D        | Noticed a mummy priest
  6044 | D        | Noticed a black draconian
  6046 | D        | Noticed an ettin
  6046 | D        | Noticed a greater mummy
  6046 | D        | Noticed a deep elf sorcerer
  6046 | D        | Noticed a fire dragon
  6048 | D        | Noticed a Killer Klown
  6049 | D        | Killed a deep elf annihilator
  6053 | D        | Noticed a greater mummy
  6053 | D        | Noticed a Killer Klown
  6054 | D        | Noticed a flayed ghost
  6056 | D        | Noticed a vault guard
  6056 | D        | Noticed a curse toe
  6056 | D        | Killed a mummy priest
  6057 | D        | Noticed a reaper
  6057 | D        | Noticed a deep elf sorcerer
  6061 | D        | Killed a deep elf sorcerer
  6062 | D        | Killed a black draconian
  6063 | D        | Killed a deep elf blademaster
  6063 | D        | Killed a red draconian
  6065 | D        | Noticed a deathcap
  6067 | D        | Killed a greater mummy
  6068 | D        | Killed a Killer Klown
  6068 | D        | Killed a mottled draconian
  6068 | D        | Killed a white draconian monk
  6070 | D        | Killed a vault guard
  6072 | D        | Killed a golden dragon
  6073 | D        | Noticed a deathcap
  6074 | D        | Killed a white draconian monk
  6075 | D        | Killed a black draconian
  6076 | D        | Killed a vault guard
  6078 | D        | Noticed a deathcap
  6078 | D        | Killed a storm dragon
  6093 | D        | Killed a fire dragon
  6467 | D        | Got the ring "Kudd" {*Contam Str+3 Int+6}
  6490 | D        | Got the ring of Toodergh {+Fly MR+ Stlth+}
  6495 | D        | Got the ring "Boloepre" {rF+ Stlth+}
  6580 | D        | Noticed a black draconian
  6580 | D        | Noticed a storm dragon
  6581 | D        | Noticed a death yak
  6586 | D        | Noticed an ice dragon
  6587 | D        | Noticed a five-headed hydra
  6593 | D        | Noticed a catoblepas
  6593 | D        | a five-headed hydra changed into a catoblepas
  6594 | D        | Killed a black draconian
  6595 | D        | Noticed an azure jelly
  6595 | D        | a catoblepas changed into an azure jelly
  6825 | D        | Noticed a deep elf blademaster
  6828 | D        | Noticed an orb of fire
  6831 | D        | Noticed an orb of fire
  6835 | D        | Killed a deep elf blademaster
  6882 | D        | Killed a death yak
  6893 | D        | Killed a death yak
  6901 | D        | Gained mutation: You tend to lose your temper in combat. [an orb of fire]
  6917 | D        | Killed a spriggan druid
  6924 | D        | Killed a spriggan berserker
  6928 | D        | Killed from afar by an orb of fire

Skill      XL: |  1  2  3  4  5  6  7  8  9 10 11 |
---------------+----------------------------------+-----
Unarmed Combat | 5 6 7 9 10 12 14 17 19 21 23 | 23.3
Dodging        | 5 6 7 8 9 11 13 14 15 17 | 17.0
Fighting       | 4 5 6 7 8 9 |  9.6
Stealth        | 1 2 4 8 7 11 14 | 14.3
Spellcasting   | 9 |  9.9
Ice Magic      | |  0.3

Action                   |  1- 3 |  4- 6 |  7- 9 | 10-12 || total
-------------------------+-------+-------+-------+-------++-------
Melee: Unarmed           |    42 |    38 |   146 |   235 ||   461
       Bite              |     4 |     6 |    16 |    20 ||    46
       Punch             |       |     2 |     9 |    20 ||    31
 Cast: Throw Frost       |       |       |       |     2 ||     2
       Blink             |       |       |       |     1 ||     1
Invok: Bribe Branch      |       |       |       |     4 ||     4
  Use: Potion            |       |     2 |     3 |     7 ||    12
 Stab: Sleeping          |       |       |     2 |     6 ||     8
       Distracted        |       |       |     1 |     2 ||     3
  Eat: Chunk             |     2 |       |       |       ||     2
       Beef jerky        |       |       |       |     3 ||     3
Armor: Skin              |       |       |     4 |     1 ||     5
Dodge: Dodged            |    61 |    30 |   124 |   176 ||   391
